 Dungeon Crawl Stone Soup version 0.25-a0-701-gb30f108f01 (webtiles) character file.

Game seed: 3193452775669726638, levelgen mode: deterministic

181 Amnesiac the Thaumaturge (level 5, 0/28 HPs)
             Began as a Deep Elf Wizard on Apr 4, 2020.
             Was a Follower of Sif Muna.
             Succumbed to an adder's poison
             ... on level 3 of the Dungeon.
             The game lasted 00:06:52 (2938 turns).

Amnesiac the Thaumaturge (Deep Elf Wizard)          Turns: 2938, Time: 00:06:52

Health: 0/28       AC:  4    Str:  4    XL:     5   Next: 34%
Magic:  15/17      EV: 13    Int: 24    God:    Sif Muna [*.....]
Gold:   151        SH:  0    Dex: 13    Spells: 9/20 levels left

rFire    . . .     SeeInvis .   a - +0 fustibalus
rCold    . . .     Gourm    .   (no shield)
rNeg     . . .     Faith    .   s - +2 robe {MR+}
rPois    .         Spirit   .   e - +0 hat
rElec    .         Reflect  .   (no cloak)
rCorr    +         Harm     .   (no gloves)
MR       +....     Clarity  +   (no boots)
Stlth    +++.......             (no amulet)
HPRegen  0.09/turn              u - ring of resist corrosion
MPRegen  0.15/turn              (no ring)

@: lethally poisoned (0 -> -2), berserk cooldown, stab, hasted and slowed
A: camouflage 1, clarity, wild magic 1
a: Channel Magic, Renounce Religion


You were on level 3 of the Dungeon.
You worshipped Sif Muna.
Sif Muna was aware of your devotion.
You were not hungry.

You visited 1 branch of the dungeon, and saw 3 of its levels.

You collected 151 gold pieces.

Inventory:

Hand Weapons
 a - a +0 fustibalus (weapon)
 b - a +0 short sword
 i - a +0 hunting sling
Missiles
 m - 5 boomerangs of dispersal
 n - 86 stones (quivered)
Armour
 e - a +0 hat (worn)
 s - a +2 robe of magic resistance (worn)
Jewellery
 u - a ring of resist corrosion (left hand)
Scrolls
 f - 4 scrolls of identify {!r, unknown}
 g - 2 scrolls of remove curse {!r, unknown}
 j - 2 scrolls of blinking {!r, unknown}
 k - a scroll of teleportation {!r, unknown}
 l - a scroll of noise {!r, unknown}
 p - 3 scrolls of immolation {!r, unknown}
Comestibles
 c - a chunk of flesh
 d - 4 rations


   Skills:
 - Level 2.4 Dodging
 - Level 2.4 Stealth
 + Level 8.3 Spellcasting
 - Level 1.1 Conjurations
 - Level 1.1 Summonings
 - Level 1.1 Translocations


You had 9 spell levels left.
You knew the following spells:

 Your Spells              Type           Power        Failure   Level  Hunger
a - Magic Dart            Conj           ###.         7%          1    None
b - Call Imp              Summ           ###.....     10%         2    None
e - Mephitic Cloud        Conj/Pois/Air  ###.....     22%         3    None
s - Conjure Flame         Conj/Fire      ###.....     22%         3    None
v - Blink                 Tloc           N/A          10%         2    None

Your spell library contained the following spells:

 Spells                   Type           Power        Failure   Level  Hunger
 Slow                     Hex            ##......     14%         2    None


Dungeon Overview and Level Annotations

Branches:
Dungeon (3/15)

Altars:
Cheibriados
Elyvilon
Fedhas
Hepliaklqana
Sif Muna
Wu Jian
Yredelemnul
Zin
The Shining One


Innate Abilities, Weirdness & Mutations

Your skin changes colour to match your surroundings (Stealth+).
You possess an exceptional clarity of mind.
Your spells are a little harder to cast, but a little more powerful.


Message History

Really quaff
r - a viscous inky potion {!q}?
Okay, then.
Really quaff
q - a smoky emerald potion {!q}?
It was a potion of berserk rage {!q}.
A red film seems to cover your vision as you go berserk!
You feel yourself moving faster!
You feel mighty!
You start resting.
You feel a strong urge to attack something.
You feel sick.
You feel sick.
You start resting.
You feel your anger nearly subside.
You are no longer berserk.
You are exhausted.
You feel yourself slow down.
* * * LOW HITPOINT WARNING * * *
You feel sick.
You start resting.
Some of the chunks of flesh in your inventory have rotted away.
* * * LOW HITPOINT WARNING * * *
You feel sick.
You start resting.
* * * LOW HITPOINT WARNING * * *
You feel sick.
You start resting.
* * * LOW HITPOINT WARNING * * *
You feel sick.
You start resting.
Your transformation is almost over.
You start resting.
* * * LOW HITPOINT WARNING * * *
You feel sick.
You start resting.
Magic restored.
* * * LOW HITPOINT WARNING * * *
You feel sick.
You start resting.
* * * LOW HITPOINT WARNING * * *
You feel sick.
Your magical contamination has completely faded away.
You start resting.
You feel less wooden.
You feel resistant to hostile enchantments.
* * * LOW HITPOINT WARNING * * *
You feel sick.
There is a lethal amount of poison in your body!
There is a lethal amount of poison in your body!
There is a lethal amount of poison in your body!
There is a lethal amount of poison in your body!
There is a lethal amount of poison in your body!
Really quaff
r - a viscous inky potion {!q}? [Y]es or [N]o only, please.
Really quaff
r - a viscous inky potion {!q}?
It was a potion of mutation {!q}.
You feel extremely strange.
Your thoughts seem clearer.
Your skin functions as natural camouflage.
You feel less in control of your magic.
Really quaff
t - a ruby potion {!q}?
It was a potion of stabbing {!q}.
You feel ready to backstab.
Things that are here:
a stone; an adder corpse You butcher the adder corpse.
You die...

#.....###...###..#...#.#
#.#....#..#..#.....#.#.#
#..............####...##
###.####.####.## ##.##
#.# #.......#####.#
#.####.##......)...#
.(....#..#######
#.####..# #(@.....#
#.......# #########


There were no monsters in sight!

Vanquished Creatures
  Jessica (D:2)
  6 adders
  An ooze (D:3)
  A worm (D:3)
  4 dart slugs
  4 leopard geckos (D:1)
  4 orcs (D:3)
  3 ball pythons
  3 giant cockroaches
  8 goblins
  8 hobgoblins
  2 jackals (D:1)
  2 quokkas (D:3)
  9 bats
  5 frilled lizards
  10 kobolds
  5 rats
76 creatures vanquished.

Vanquished Creatures (collateral kills)
  A worm (D:2)
1 creature vanquished.

Grand Total: 77 creatures vanquished

Notes
Turn   | Place    | Note
-------+----------+-------------------------------------------
     0 | D:1      | Amnesiac the Deep Elf Wizard began the quest for the Orb.
     0 | D:1      | Reached XP level 1. HP: 10/10 MP: 7/7
   144 | D:1      | Reached skill level 5 in Spellcasting
   151 | D:1      | Reached XP level 2. HP: 8/15 MP: 0/10
   601 | D:2      | Found a basalt altar of Yredelemnul.
   611 | D:2      | Reached skill level 6 in Spellcasting
   611 | D:2      | Reached XP level 3. HP: 15/19 MP: 3/12
   738 | D:2      | Learned a level 2 spell: Blink
   741 | D:2      | Learned a level 2 spell: Call Imp
   811 | D:2      | Learned a level 3 spell: Conjure Flame
   815 | D:2      | Learned a level 3 spell: Mephitic Cloud
   816 | D:3      | Found a snail-covered altar of Cheibriados.
   816 | D:3      | Found a blossoming altar of Fedhas.
   927 | D:3      | Found a shimmering blue altar of Sif Muna.
   933 | D:3      | Found a hazy altar of Hepliaklqana.
  1015 | D:3      | Became a worshipper of Sif Muna the Loreminder
  1403 | D:1      | Reached XP level 4. HP: 21/24 MP: 3/14
  1670 | D:2      | Reached skill level 7 in Spellcasting
  2009 | D:2      | Noticed Jessica
  2026 | D:2      | Killed Jessica
  2230 | D:2      | Found an ornate altar of the Wu Jian Council.
  2623 | D:3      | Reached XP level 5. HP: 28/28 MP: 14/17
  2635 | D:3      | Found a glowing golden altar of the Shining One.
  2636 | D:3      | Found a white marble altar of Elyvilon.
  2637 | D:3      | Found a glowing silver altar of Zin.
  2684 | D:3      | Reached skill level 8 in Spellcasting
  2687 | D:3      | Reached * piety under Sif Muna
  2934 | D:3      | HP: 1/28 [poisoned by an adder]
  2935 | D:3      | Gained mutation: You possess an exceptional clarity of
                  | mind. [potion of mutation]
  2935 | D:3      | Gained mutation: Your skin changes colour to match your
                  | surroundings (Stealth+). [potion of mutation]
  2935 | D:3      | Gained mutation: Your spells are a little harder to cast,
                  | but a little more powerful. [potion of mutation]
  2938 | D:3      | Succumbed to an adder's poison

Levels and vault maps discovered:
D:1:      dpeg_arrival_short_road, layout_basic
D:2:      layout_basic, yredelemnul_altar_generic, lemuel_round_altar,
          first_ration, serial_glass, glass_columns_c, glass_columns_b,
          uniq_jessica
D:3:      layout_loops_cross, good_gods_temple_1, nicolae_gozag_seed_capital,
          makhleb_grotto_becter, minitemple,
          chequers_temple_overflow_statue_of_worship, minmay_strange_pillars

Skill      XL: |  1  2  3  4  5 |
---------------+----------------+-----
Spellcasting   | 5 6 7 8 |  8.3
Dodging        | |  2.4
Stealth        | |  2.4
Conjurations   | |  1.1
Summonings     | |  1.1
Translocations | |  1.1

Action                   |  1- 3 |  4- 6 || total
-------------------------+-------+-------++-------
Melee: Short sword       |    12 |       ||    12
 Fire: Fustibalus        |     6 |    86 ||    92
 Cast: Magic Dart        |   107 |    50 ||   157
       Call Imp          |     2 |       ||     2
  Use: Potion            |       |     5 ||     5
 Stab: Sleeping          |     2 |       ||     2
  Eat: Chunk             |     1 |     5 ||     6
Armor: Robe              |    18 |    11 ||    29
Dodge: Dodged            |    56 |    33 ||    89

Table legend:
 A = Non-vault XP
 B = Vault XP
 C = Vault XP percentage of total XP
 D = Non-vault monster count
 E = Vault monster count
 F = Vault count percentage of total count
                 A         B        C        D         E       F
            +---------+---------+-------+---------+---------+-------
      Total |     222 |      37 |  14.3 |      76 |       1 |   1.3
            +---------+---------+-------+---------+---------+-------
        D:1 |      47 |       0 |   0.0 |      24 |       0 |   0.0
        D:2 |      86 |      37 |  30.1 |      28 |       1 |   3.4
        D:3 |      89 |       0 |   0.0 |      24 |       0 |   0.0
            +---------+---------+-------+---------+---------+-------
